AoeStats
← die trying

Arabia

504821646Analyzed
1v1 RM · 25d ago on Sep 6, 2026· 53m 26s· 2 players
Game mode
Random Map
Map size
Tiny (2 player)
Population
200
Speed
Normal
Resources
Standard
Victory
Conquest
Starting age
Dark Age
Ending age
Imperial Age
RankedLock teamsTeams togetherTeam positionsShared explorationLock speedFull tech treeHidden civsTurbo modeCheats
Victory
Defeat
🇨🇭 Malians · Switzerland
1808
+19
🇨🇱 Berbers · Chile
1866
-19
inscale
6:39 Loom
9:07 Feudal Age
10:16 Double-Bit Axe
10:52 Horse Collar
17:51 Castle Age
16:48 Stone Mining
17:23 Scale Barding Armor
18:22 Bloodlines
18:54 Husbandry
21:29 Bow Saw
23:48 Forging
23:52 Heavy Plow
27:41 Sanctity
30:21 Ballistics
29:56 Fletching
29:57 Crossbowman
30:42 Bodkin Arrow
34:46 Imperial Age
33:04 Padded Archer Armor
33:52 Thumb Ring
34:33 Leather Archer Armor
36:38 Chemistry
35:06 Arbalester
36:04 Heavy Camel Rider
37:17 Block Printing
37:37 Chain Barding Armor
37:48 Redemption
39:36 Plate Barding Armor
41:51 Wheelbarrow
42:52 Iron Casting
42:53 Farimba
47:47 Crop Rotation
49:28 Hand Cart
48:59 Town Watch
51:21 Ring Archer Armor
52:31 Elite Skirmisher
die trying
5:46 Loom
8:28 Feudal Age
8:57 Double-Bit Axe
11:37 Horse Collar
15:51 Fletching
17:05 Town Watch
22:02 Castle Age
20:35 Gold Mining
21:24 Scale Barding Armor
21:30 Bloodlines
22:21 Forging
22:51 Husbandry
24:38 Crossbowman
27:34 Bodkin Arrow
29:13 Padded Archer Armor
30:21 Wheelbarrow
30:14 Bow Saw
30:51 Heavy Plow
35:11 Imperial Age
33:23 Stone Mining
34:11 Gold Shaft Mining
33:49 Light Cavalry
35:33 Chain Barding Armor
35:37 Leather Archer Armor
35:56 Bracer
37:00 Chemistry
37:15 Plate Barding Armor
37:04 Ballistics
37:26 Conscription
37:14 Hussar
38:39 Leather Archer Armor
39:36 Heavy Camel Rider
40:52 Iron Casting
43:12 Blast Furnace
43:05 Thumb Ring
43:49 Elite Genitour
44:28 Heavy Cavalry Archer
46:39 Hoardings
48:29 Ring Archer Armor
47:34 Elite Camel Archer
Connection lost

Rejoining the realm…

Still unreachable

The connection could not be restored.

Session expired

The server has moved on; the page needs a fresh start.